WCHLSIM.com - West Coast Hockey League
html PUBLIC "-//W3C//DTD XHTML 1.0 Transitional//EN" "http://www.w3.org/TR/xhtml1/DTD/xhtml1-transitional.dtd"> WCHL - Game 13 - UTAH ICE BEARS vs VICTORIA GLADIATORS

UTAH ICE BEARS vs VICTORIA GLADIATORS

Created - 13 octobre 2022 at 23:31

Goals
1 2 3 T
UTAH ICE BEARS 3 0 1 4
VICTORIA GLADIATORS 0 1 2 3
Shots
1 2 3 T
UTAH ICE BEARS 12 7 11 30
VICTORIA GLADIATORS 7 13 10 30

1st period

1. UTAH ICE BEARS , Alexander Barabanov 1 (Lucas Raymond 1, Nicholas Paul 1) at 1:24
2. UTAH ICE BEARS , Evgeni Malkin 1 (Andrew Mangiapane 1, Kyle Okposo 1) at 3:12
3. UTAH ICE BEARS , Andrew Mangiapane 1 (Evgeni Malkin 1) at 9:32

Penalties :
Victor Rask (VIC) for Hooking (Minor) at 3:30, Kyle Okposo (UTA) for Hooking (Minor) at 9:41, Artem Zub (UTA) for Holding (Minor) at 15:21, Adam Lowry (VIC) for Tripping (Minor) at 18:55

2nd period

4. VICTORIA GLADIATORS , Justin Holl 1 (Alex Newhook 1, Barclay Goodrow 1) at 15:58 (PP)

Penalties :
Anze Kopitar (VIC) for Roughing (Minor) at 9:33, MacKenzie Weegar (UTA) for Hooking (Minor) at 15:03

3rd period

5. VICTORIA GLADIATORS , Barclay Goodrow 1 (Kasperi Kapanen 1, Alex Newhook 2) at 1:22 (PP)
6. VICTORIA GLADIATORS , Kasperi Kapanen 1 (Calvin De Haan 1, Barclay Goodrow 2) at 3:06
7. UTAH ICE BEARS , Kyle Okposo 1 (Evgeni Malkin 2, Andrew Mangiapane 2) at 18:45

Penalties :
Alexander Barabanov (UTA) for Hooking (Minor) at 0:29, Andrew Mangiapane (UTA) for Elbowing (Minor) at 19:44

Goalie Stats

Thatcher Demko (UTA), 27 saves from 30 shots - (0,900), W, 1-0-0, 60:00 minutes
Mike Smith (VIC), 26 saves from 30 shots - (0,867), L, 0-1-0, 59:25 minutes

Players Stats for UTAH ICE BEARS

Player Name              G  A  P  +/- PIM S  H  SB GA TA FO     MP     PP MP  PK MP  
------------------------------------------------------------------------------------
Alexander Barabanov      1  0  1   0  2   1  1  0  0  0  0/0    20:51   1:54   1:41 
Andrew Mangiapane        1  2  3   3  2   6  2  0  0  0  0/1    17:35   3:51   0:00 
Andrew Peeke             0  0  0   0  0   0  5  1  0  0  0/0    22:00   3:21   1:43 
Artem Zub                0  0  0   0  2   1  4  1  0  0  0/0    22:15   3:21   1:59 
Blake Lizotte            0  0  0   0  0   0  0  1  0  0  5/15    6:58   0:00   3:23 
Casey Mittelstadt        0  0  0   0  0   1  0  0  0  0  0/0     0:12   0:12   0:00 
Evgeni Malkin            1  2  3   3  0   5  0  0  0  0  11/24  21:46   3:51   0:35 
Kyle Okposo              1  1  2   3  2   1  2  0  0  0  0/1    19:40   3:51   2:05 
Leo Komarov              0  0  0   0  0   0  1  0  0  0  0/1     3:47   0:12   0:00 
Lucas Raymond            0  1  1   0  0   2  0  0  0  0  0/3    19:11   1:54   0:00 
MacKenzie Weegar         0  0  0   2  2   1  8  1  0  0  0/0    23:21   2:24   3:33 
Mark Pysyk               0  0  0   1  0   0  2  0  0  0  0/0    13:53   0:12   0:00 
Nicholas Paul            0  1  1   0  0   6  0  1  0  0  13/20  21:14   1:54   2:03 
Ross Colton              0  0  0   0  0   4  1  0  0  0  7/18   13:37   0:12   0:00 
Rudolfs Balcers          0  0  0   0  0   0  1  1  0  0  0/1    15:40   0:00   2:15 
T.J. Brodie              0  0  0   2  0   1  0  1  0  0  0/0    24:07   2:24   4:18 
Tucker Poolman           0  0  0   1  0   0  0  0  0  0  0/0    14:22   0:12   0:29 
Zachary Sanford          0  0  0   0  0   1  1  0  0  0  0/0    13:25   0:00   0:00 

Players Stats for VICTORIA GLADIATORS

Player Name              G  A  P  +/- PIM S  H  SB GA TA FO     MP     PP MP  PK MP  
------------------------------------------------------------------------------------
Adam Lowry               0  0  0  -1  2   4  1  0  0  0  9/17   12:56   0:00   2:04 
Alex Newhook             0  2  2  -1  0   0  0  0  0  0  1/1    15:13   3:58   0:22 
Anton Stralman           0  0  0  -3  0   0  4  0  0  0  0/0    18:53   0:00   0:00 
Anze Kopitar             0  0  0  -1  2   3  0  1  0  0  18/23  19:51   2:03   0:00 
Barclay Goodrow          1  2  3   0  0   2  1  0  0  0  13/23  20:15   3:58   0:00 
Calvin De Haan           0  1  1   1  0   0  2  4  0  0  0/0    22:15   1:58   2:55 
Colton Parayko           0  0  0  -3  0   0  0  2  0  0  0/0    22:56   4:03   0:00 
Connor Brown             0  0  0  -1  0   3  1  0  0  0  0/0    19:52   2:03   0:00 
Jamie Drysdale           0  0  0  -1  0   0  0  1  0  0  0/0    14:49   0:00   3:02 
Jay Beagle               0  0  0  -1  0   1  2  0  0  0  0/2     5:16   0:00   2:13 
Justin Holl              1  0  1   1  0   3  0  1  0  0  0/0    22:15   1:58   2:55 
Kasperi Kapanen          1  1  2   0  0   4  1  0  0  0  1/2    20:15   3:58   0:00 
Kevin Rooney             0  0  0  -1  0   0  0  0  0  0  5/7     5:16   0:00   2:13 
Kyle Connor              0  0  0  -1  0   7  0  0  0  0  0/2    19:52   2:03   0:00 
Nils Hoglander           0  0  0  -1  0   1  0  0  0  0  0/2    14:37   0:00   3:44 
Patrik Nemeth            0  0  0  -1  0   0  0  2  0  0  0/0    14:49   0:00   3:02 
Tyler Toffoli            0  0  0   0  0   2  1  0  0  0  0/1    20:20   4:03   0:00 
Victor Rask              0  0  0  -1  2   0  1  0  0  0  1/4     4:20   0:00   1:18 

3 Stars

1 - Evgeni Malkin (UTA)
2 - Andrew Mangiapane (UTA)
3 - Kyle Okposo (UTA)

Power Play

UTAH ICE BEARS - 0 on 3 Attempt(s) - 0,00%
VICTORIA GLADIATORS - 2 on 5 Attempt(s) - 40,00%

Penalty Kill

UTAH ICE BEARS - 3 on 5 Attempt(s) - 60,00% - Score 0 goal in Penalty Kill
VICTORIA GLADIATORS - 3 on 3 Attempt(s) - 100,00% - Score 0 goal in Penalty Kill

Team Stat

UTAH ICE BEARS - Hits : 28 - Faceoff Wins : 36 - Blocked Shots : 7 - Penalty Minutes : 10
VICTORIA GLADIATORS - Hits : 14 - Faceoff Wins : 48 - Blocked Shots : 11 - Penalty Minutes : 6

Official

Referees : Jim Curtin and Tim Peel
Linesman : Brent Hooks and Steven Berry

Game Notes

No Game Note

Finance

Level 1 -- Attendance: 4089 (64,90%) -- Ticket Income 776 910 $
Level 2 -- Attendance: 3180 (60,00%) -- Ticket Income 477 000 $
Level 3 -- Attendance: 1676 (76,18%) -- Ticket Income 184 360 $
Level 4 -- Attendance: 3288 (78,29%) -- Ticket Income 230 160 $
Luxury Box -- Attendance: 711 (71,10%) -- Ticket Income 220 410 $
Game was played at the Verizon Center.
Total Attendance: 12944 (68,13%)
Total Ticket Income: 1 888 840 $
Other Expense: 18 888 $
Total Income: 1 869 952 $

UTAH ICE BEARS

5 vs 5 Forward 
   Center                   Left Wing                Right Wing               Time % Phy DF OF 
 1 Evgeni Malkin            Andrew Mangiapane        Kyle Okposo              36     1   2  2  
 2 Nicholas Paul            Alexander Barabanov      Lucas Raymond            31     1   2  2  
 3 Ross Colton              Zachary Sanford          Rudolfs Balcers          23     1   2  2  
 4 Blake Lizotte            Leo Komarov              Evgeni Malkin            10     1   2  2  

5 vs 5 Defense 
   Defense                  Defense                                           Time % Phy DF OF 
 1 MacKenzie Weegar         T.J. Brodie                                       36     1   2  2  
 2 Artem Zub                Andrew Peeke                                      31     1   2  2  
 3 Mark Pysyk               Tucker Poolman                                    23     1   2  2  
 4 MacKenzie Weegar         T.J. Brodie                                       10     1   2  2  

PowerPlay Forward 
   Center                   Left Wing                Right Wing               Time % Phy DF OF 
 1 Evgeni Malkin            Andrew Mangiapane        Kyle Okposo              55     1   2  2  
 2 Nicholas Paul            Alexander Barabanov      Lucas Raymond            45     1   2  2  

PowerPlay Defense
   Defense                  Defense                                           Time % Phy DF OF 
 1 MacKenzie Weegar         T.J. Brodie                                       55     1   2  2  
 2 Artem Zub                Andrew Peeke                                      45     1   2  2  

Penalty Kill 4 Players Forward 
   Center                   Wing                     Time % Phy DF OF 
 1 Blake Lizotte            Kyle Okposo              55     1   2  2  
 2 Nicholas Paul            Rudolfs Balcers          45     1   2  2  

Penalty Kill 4 Players Defense
   Defense                  Defense                  Time % Phy DF OF 
 1 MacKenzie Weegar         T.J. Brodie              55     1   2  2  
 2 Artem Zub                Andrew Peeke             45     1   2  2  

Penalty Kill - 3 Players Forward 
   Forward                                           Time % Phy DF OF 
 1 Blake Lizotte                                     55     1   2  2  
 2 Nicholas Paul                                     45     1   2  2  

Penalty Kill - 3 Players Defense
   Defense                  Defense                  Time % Phy DF OF 
 1 MacKenzie Weegar         T.J. Brodie              55     1   2  2  
 2 Artem Zub                Andrew Peeke             45     1   2  2  

4 vs 4 Forward 
   Center                   Wing                     Time % Phy DF OF 
 1 Evgeni Malkin            Andrew Mangiapane        55     1   2  2  
 2 Kyle Okposo              Alexander Barabanov      45     1   2  2  

4 vs 4 Defense
   Defense                  Defense                  Time % Phy DF OF 
 1 MacKenzie Weegar         T.J. Brodie              55     1   2  2  
 2 Artem Zub                Andrew Peeke             45     1   2  2  

Last Minutes Offensive
   Center                   Left Wing                Right Wing               Defense                  Defense                  
   Evgeni Malkin            Andrew Mangiapane        Kyle Okposo              MacKenzie Weegar         T.J. Brodie              

Last Minutes Defensive
   Center                   Left Wing                Right Wing               Defense                  Defense                  
   Evgeni Malkin            Andrew Mangiapane        Kyle Okposo              MacKenzie Weegar         T.J. Brodie              

Goaltenders
Starting : Thatcher Demko           
Backup : Brandon Bussi            

Extra Forwards
Normal : Casey Mittelstadt, Ross Colton, Blake Lizotte - PP : Casey Mittelstadt, Ross Colton - PK : Blake Lizotte
Extra Defensemen
Normal : Mark Pysyk, Tucker Poolman, Artem Zub - PP : Mark Pysyk - PK : Tucker Poolman, Artem Zub
Penalty Shots
Evgeni Malkin, Andrew Mangiapane, Kyle Okposo, Alexander Barabanov, Nicholas Paul
Custom OT Lines Forwards
Evgeni Malkin, Andrew Mangiapane, Kyle Okposo, Alexander Barabanov, Nicholas Paul, Ross Colton, Lucas Raymond, Blake Lizotte, Casey Mittelstadt, Zachary Sanford
Custom OT Lines Defensemen
MacKenzie Weegar, T.J. Brodie, Artem Zub, Andrew Peeke, Mark Pysyk

Scratches
Matthew Beniers (Healthy), Radim Simek (Healthy), Troy Stecher (Healthy)

VICTORIA GLADIATORS

5 vs 5 Forward 
   Center                   Left Wing                Right Wing               Time % Phy DF OF 
 1 Anze Kopitar             Kyle Connor              Connor Brown             36     0   2  3  
 2 Barclay Goodrow          Kasperi Kapanen          Tyler Toffoli            33     1   2  2  
 3 Adam Lowry               Alex Newhook             Nils Hoglander           24     1   2  2  
 4 Kevin Rooney             Victor Rask              Jay Beagle               7      0   3  2  

5 vs 5 Defense 
   Defense                  Defense                                           Time % Phy DF OF 
 1 Colton Parayko           Anton Stralman                                    40     0   3  2  
 2 Justin Holl              Calvin De Haan                                    35     0   3  2  
 3 Patrik Nemeth            Jamie Drysdale                                    25     1   2  2  
 4 Patrik Nemeth            Calvin De Haan                                    0      1   2  2  

PowerPlay Forward 
   Center                   Left Wing                Right Wing               Time % Phy DF OF 
 1 Anze Kopitar             Kyle Connor              Connor Brown             60     0   1  4  
 2 Barclay Goodrow          Alex Newhook             Kasperi Kapanen          40     0   1  4  

PowerPlay Defense
   Defense                  Defense                                           Time % Phy DF OF 
 1 Colton Parayko           Tyler Toffoli                                     60     0   1  4  
 2 Justin Holl              Calvin De Haan                                    40     0   1  4  

Penalty Kill 4 Players Forward 
   Center                   Wing                     Time % Phy DF OF 
 1 Adam Lowry               Nils Hoglander           55     0   4  1  
 2 Kevin Rooney             Jay Beagle               45     0   4  1  

Penalty Kill 4 Players Defense
   Defense                  Defense                  Time % Phy DF OF 
 1 Justin Holl              Calvin De Haan           55     0   4  1  
 2 Patrik Nemeth            Jamie Drysdale           45     0   4  1  

Penalty Kill - 3 Players Forward 
   Forward                                           Time % Phy DF OF 
 1 Adam Lowry                                        55     1   2  2  
 2 Kevin Rooney                                      45     1   2  2  

Penalty Kill - 3 Players Defense
   Defense                  Defense                  Time % Phy DF OF 
 1 Patrik Nemeth            Jamie Drysdale           55     1   2  2  
 2 Colton Parayko           Anton Stralman           45     1   2  2  

4 vs 4 Forward 
   Center                   Wing                     Time % Phy DF OF 
 1 Anze Kopitar             Kyle Connor              52     1   2  2  
 2 Barclay Goodrow          Tyler Toffoli            48     1   2  2  

4 vs 4 Defense
   Defense                  Defense                  Time % Phy DF OF 
 1 Patrik Nemeth            Jamie Drysdale           52     1   2  2  
 2 Colton Parayko           Anton Stralman           48     1   2  2  

Last Minutes Offensive
   Center                   Left Wing                Right Wing               Defense                  Defense                  
   Anze Kopitar             Kyle Connor              Connor Brown             Colton Parayko           Anton Stralman           

Last Minutes Defensive
   Center                   Left Wing                Right Wing               Defense                  Defense                  
   Adam Lowry               Kasperi Kapanen          Nils Hoglander           Justin Holl              Calvin De Haan           

Goaltenders
Starting : Mike Smith               
Backup : Charlie Lindgren         

Extra Forwards
Normal : Connor Brown, Barclay Goodrow, Kasperi Kapanen - PP : Nils Hoglander, Adam Lowry - PK : Victor Rask
Extra Defensemen
Normal : Calvin De Haan, Jamie Drysdale, Justin Holl - PP : Patrik Nemeth - PK : Jamie Drysdale, Justin Holl
Penalty Shots
Anze Kopitar, Kyle Connor, Tyler Toffoli, Connor Brown, Barclay Goodrow
Custom OT Lines Forwards
Anze Kopitar, Kyle Connor, Tyler Toffoli, Connor Brown, Barclay Goodrow, Adam Lowry, Kasperi Kapanen, Alex Newhook, Victor Rask, Kevin Rooney
Custom OT Lines Defensemen
Colton Parayko, Anton Stralman, Justin Holl, Calvin De Haan, Patrik Nemeth

Scratches
Jake DeBrusk (Healthy)

% Time on Ice - UTAH ICE BEARS

Lines # - Real PCT - Wanted PCT - Time Play
Normal Forward
1 - 28% - 36% - 13:39
2 - 36% - 31% - 17:17
3 - 28% - 23% - 13:25
4 - 7% - 10% - 3:35
Normal Defense
1 - 32% - 36% - 15:34
2 - 35% - 31% - 16:56
3 - 29% - 23% - 13:41
4 - 4% - 10% - 1:45
PP Forward
1 - 65% - 55% - 3:51
2 - 35% - 45% - 2:06
PP Defense
1 - 44% - 55% - 2:36
2 - 56% - 45% - 3:21
PK Forward
1 - 63% - 55% - 3:46
2 - 37% - 45% - 2:15
PK Defense
1 - 71% - 55% - 4:18
2 - 29% - 45% - 1:43
PK3 Forward
1 - 0% - 55%
2 - 0% - 45%
PK3 Defense
1 - 0% - 55%
2 - 0% - 45%
44 Forward
1 - 0% - 55%
2 - 0% - 45%
44 Defense
1 - 0% - 55%
2 - 0% - 45%
Last Minute Offensive  - 0:00
Last Minute Defensive  - 0:06
Total
Forward - 60:00
Defense - 60:00

% Time on Ice - VICTORIA GLADIATORS

Lines # - Real PCT - Wanted PCT - Time Play
Normal Forward
1 - 37% - 36% - 17:49
2 - 34% - 33% - 16:17
3 - 23% - 24% - 10:53
4 - 6% - 7% - 3:03
Normal Defense
1 - 39% - 40% - 18:53
2 - 36% - 35% - 17:22
3 - 25% - 25% - 11:47
4 - 0% - 0% - 0:00
PP Forward
1 - 34% - 60% - 2:03
2 - 66% - 40% - 3:58
PP Defense
1 - 67% - 60% - 4:03
2 - 33% - 40% - 1:58
PK Forward
1 - 63% - 55% - 3:44
2 - 37% - 45% - 2:13
PK Defense
1 - 49% - 55% - 2:55
2 - 51% - 45% - 3:02
PK3 Forward
1 - 0% - 55%
2 - 0% - 45%
PK3 Defense
1 - 0% - 55%
2 - 0% - 45%
44 Forward
1 - 0% - 52%
2 - 0% - 48%
44 Defense
1 - 0% - 52%
2 - 0% - 48%
Last Minute Offensive  - 0:00
Last Minute Defensive  - 0:00
Total
Forward - 60:00
Defense - 60:00

Play-by-Play

1st period


0:01 of 1st period - Anze Kopitar wins face-off versus Kyle Okposo in neutral zone.
0:10 of 1st period - Colton Parayko is hit by Kyle Okposo.
0:24 of 1st period - Shot by Evgeni Malkin.
0:24 of 1st period - Shot Hit the Post.
0:31 of 1st period - Evgeni Malkin is hit by Anton Stralman and loses puck.
1:24 of 1st period - Shot by Alexander Barabanov.
1:24 of 1st period - Goal by Alexander Barabanov - UTAH ICE BEARS : 1 - VICTORIA GLADIATORS : 0.
1:25 of 1st period - Barclay Goodrow wins face-off versus Ross Colton in neutral zone.
1:37 of 1st period - Off-side.
1:38 of 1st period - Adam Lowry wins face-off versus Blake Lizotte in neutral zone.
1:48 of 1st period - Shot by Adam Lowry.
1:48 of 1st period - Stopped by Thatcher Demko without a rebound.
1:49 of 1st period - Ross Colton wins face-off versus Barclay Goodrow in UTAH ICE BEARS zone.
2:11 of 1st period - T.J. Brodie is hit by Tyler Toffoli and loses puck.
3:04 of 1st period - Off-side.
3:05 of 1st period - Evgeni Malkin wins face-off versus Kevin Rooney in neutral zone.
3:12 of 1st period - Shot by Evgeni Malkin.
3:12 of 1st period - Goal by Evgeni Malkin - UTAH ICE BEARS : 2 - VICTORIA GLADIATORS : 0.
3:13 of 1st period - Nicholas Paul wins face-off versus Jay Beagle in neutral zone.
3:30 of 1st period - Minor Penalty to Victor Rask for Hooking.
3:31 of 1st period - Evgeni Malkin wins face-off versus Adam Lowry in VICTORIA GLADIATORS zone.
4:10 of 1st period - Artem Zub is hit by Jay Beagle and loses puck.
4:45 of 1st period - Shot by Adam Lowry.
4:45 of 1st period - Shot Misses the Net.
5:31 of 1st period - Shot by Zachary Sanford.
5:31 of 1st period - Shot Blocked by Colton Parayko.
5:40 of 1st period - Colton Parayko is hit by Mark Pysyk and loses puck.
6:07 of 1st period - Shot by Kasperi Kapanen.
6:07 of 1st period - Stopped by Thatcher Demko with a rebound.
6:15 of 1st period - Shot by Kasperi Kapanen.
6:15 of 1st period - Shot Misses the Net.
7:28 of 1st period - Shot by Nils Hoglander.
7:28 of 1st period - Shot Blocked by T.J. Brodie.
7:33 of 1st period - Alex Newhook is hit by MacKenzie Weegar and loses puck.
7:36 of 1st period - Shot by Nils Hoglander.
7:36 of 1st period - Shot Misses the Net.
7:45 of 1st period - Shot by Adam Lowry.
7:45 of 1st period - Stopped by Thatcher Demko without a rebound.
7:46 of 1st period - Blake Lizotte wins face-off versus Kevin Rooney in UTAH ICE BEARS zone.
7:56 of 1st period - Shot by Colton Parayko.
7:56 of 1st period - Shot Blocked by Blake Lizotte.
8:02 of 1st period - Shot by Evgeni Malkin.
8:02 of 1st period - Stopped by Mike Smith without a rebound.
8:03 of 1st period - Ross Colton wins face-off versus Barclay Goodrow in VICTORIA GLADIATORS zone.
8:08 of 1st period - Shot by Zachary Sanford.
8:08 of 1st period - Shot Blocked by Colton Parayko.
9:23 of 1st period - Shot by Kyle Connor.
9:23 of 1st period - Stopped by Thatcher Demko without a rebound.
9:24 of 1st period - Evgeni Malkin wins face-off versus Adam Lowry in UTAH ICE BEARS zone.
9:24 of 1st period - Evgeni Malkin is hit by Adam Lowry.
9:30 of 1st period - Shot by Andrew Mangiapane.
9:30 of 1st period - Shot Blocked by Patrik Nemeth.
9:32 of 1st period - Shot by Andrew Mangiapane.
9:32 of 1st period - Goal by Andrew Mangiapane - UTAH ICE BEARS : 3 - VICTORIA GLADIATORS : 0.
9:33 of 1st period - Evgeni Malkin wins face-off versus Adam Lowry in neutral zone.
9:41 of 1st period - Minor Penalty to Kyle Okposo for Hooking.
9:42 of 1st period - Anze Kopitar wins face-off versus Blake Lizotte in UTAH ICE BEARS zone.
10:47 of 1st period - Shot by Nicholas Paul.
10:47 of 1st period - Stopped by Mike Smith with a rebound.
10:49 of 1st period - Shot by Nicholas Paul.
10:49 of 1st period - Stopped by Mike Smith without a rebound.
10:50 of 1st period - Nicholas Paul wins face-off versus Barclay Goodrow in VICTORIA GLADIATORS zone.
11:41 of 1st period - Shot by Evgeni Malkin.
11:41 of 1st period - Stopped by Mike Smith without a rebound.
11:42 of 1st period - Victor Rask wins face-off versus Evgeni Malkin in VICTORIA GLADIATORS zone.
11:52 of 1st period - Icing by Patrik Nemeth.
11:53 of 1st period - Kevin Rooney wins face-off versus Evgeni Malkin in VICTORIA GLADIATORS zone.
12:07 of 1st period - Shot by Victor Rask.
12:07 of 1st period - Deflect By Jay Beagle.
12:07 of 1st period - Stopped by Thatcher Demko without a rebound.
12:08 of 1st period - Anze Kopitar wins face-off versus Ross Colton in UTAH ICE BEARS zone.
12:08 of 1st period - Anze Kopitar is hit by Andrew Peeke.
12:31 of 1st period - Anze Kopitar is hit by Artem Zub.
12:39 of 1st period - Shot by Kyle Connor.
12:39 of 1st period - Shot Misses the Net.
12:45 of 1st period - Shot by Ross Colton.
12:45 of 1st period - Stopped by Mike Smith without a rebound.
12:46 of 1st period - Barclay Goodrow wins face-off versus Andrew Mangiapane in VICTORIA GLADIATORS zone.
12:57 of 1st period - Shot by Andrew Mangiapane.
12:57 of 1st period - Stopped by Mike Smith with a rebound.
12:59 of 1st period - Shot by MacKenzie Weegar.
12:59 of 1st period - Stopped by Mike Smith without a rebound.
13:00 of 1st period - Nicholas Paul wins face-off versus Adam Lowry in VICTORIA GLADIATORS zone.
13:03 of 1st period - Shot by Nicholas Paul.
13:03 of 1st period - Stopped by Mike Smith without a rebound.
13:04 of 1st period - Adam Lowry wins face-off versus Evgeni Malkin in VICTORIA GLADIATORS zone.
13:14 of 1st period - Adam Lowry is hit by MacKenzie Weegar and loses puck.
13:23 of 1st period - Shot by Andrew Mangiapane.
13:23 of 1st period - Stopped by Mike Smith without a rebound.
13:24 of 1st period - Nicholas Paul wins face-off versus Kasperi Kapanen in VICTORIA GLADIATORS zone.
14:41 of 1st period - Connor Brown is hit by Artem Zub and loses puck.
15:21 of 1st period - Minor Penalty to Artem Zub for Holding.
15:22 of 1st period - Barclay Goodrow wins face-off versus Blake Lizotte in UTAH ICE BEARS zone.
15:27 of 1st period - Shot by Barclay Goodrow.
15:27 of 1st period - Stopped by Thatcher Demko without a rebound.
15:28 of 1st period - Kasperi Kapanen wins face-off versus Blake Lizotte in UTAH ICE BEARS zone.
15:53 of 1st period - Shot by Alex Newhook.
15:53 of 1st period - Shot Misses the Net.
16:15 of 1st period - Icing by Colton Parayko.
16:16 of 1st period - Barclay Goodrow wins face-off versus Evgeni Malkin in VICTORIA GLADIATORS zone.
16:29 of 1st period - Icing by Tyler Toffoli.
16:30 of 1st period - Nicholas Paul wins face-off versus Barclay Goodrow in VICTORIA GLADIATORS zone.
17:21 of 1st period - Shot by Kyle Connor.
17:21 of 1st period - Stopped by Thatcher Demko without a rebound.
17:22 of 1st period - Ross Colton wins face-off versus Anze Kopitar in UTAH ICE BEARS zone.
17:36 of 1st period - Kyle Connor is hit by Mark Pysyk and loses puck.
18:01 of 1st period - Shot by Anze Kopitar.
18:01 of 1st period - Shot Misses the Net.
18:50 of 1st period - Icing by MacKenzie Weegar.
18:51 of 1st period - Evgeni Malkin wins face-off versus Nils Hoglander in UTAH ICE BEARS zone.
18:55 of 1st period - Minor Penalty to Adam Lowry for Tripping.
18:56 of 1st period - Nicholas Paul wins face-off versus Nils Hoglander in VICTORIA GLADIATORS zone.
19:01 of 1st period - Shot by Lucas Raymond.
19:01 of 1st period - Shot Blocked by Calvin De Haan.
19:20 of 1st period - Icing by Nicholas Paul.
19:21 of 1st period - Nicholas Paul wins face-off versus Victor Rask in UTAH ICE BEARS zone.
19:25 of 1st period - Icing by Alexander Barabanov.
19:26 of 1st period - Nicholas Paul wins face-off versus Victor Rask in UTAH ICE BEARS zone.
19:26 of 1st period - Nicholas Paul is hit by Victor Rask.
Goals for this period are 3 for UTAH ICE BEARS vs 0 for VICTORIA GLADIATORS.
Shots for this period are 12 for UTAH ICE BEARS vs 7 for VICTORIA GLADIATORS.

2nd period


0:01 of 2nd period - Evgeni Malkin wins face-off versus Victor Rask in neutral zone.
0:04 of 2nd period - Shot by MacKenzie Weegar.
0:04 of 2nd period - Shot Blocked by Justin Holl.
1:35 of 2nd period - Icing by Colton Parayko.
1:36 of 2nd period - Barclay Goodrow wins face-off versus Ross Colton in VICTORIA GLADIATORS zone.
1:56 of 2nd period - Shot by Ross Colton.
1:56 of 2nd period - Stopped by Mike Smith without a rebound.
1:57 of 2nd period - Adam Lowry wins face-off versus Blake Lizotte in VICTORIA GLADIATORS zone.
2:06 of 2nd period - Shot by Adam Lowry.
2:06 of 2nd period - Shot Misses the Net.
2:20 of 2nd period - Shot by Blake Lizotte.
2:20 of 2nd period - Shot Misses the Net.
2:26 of 2nd period - Shot by Justin Holl.
2:26 of 2nd period - Stopped by Thatcher Demko without a rebound.
2:27 of 2nd period - Anze Kopitar wins face-off versus Lucas Raymond in UTAH ICE BEARS zone.
3:03 of 2nd period - Shot by Lucas Raymond.
3:03 of 2nd period - Stopped by Mike Smith with a rebound.
3:37 of 2nd period - Shot by Barclay Goodrow.
3:37 of 2nd period - Shot Misses the Net.
4:30 of 2nd period - Shot by Nils Hoglander.
4:30 of 2nd period - Stopped by Thatcher Demko without a rebound.
4:31 of 2nd period - Adam Lowry wins face-off versus Rudolfs Balcers in UTAH ICE BEARS zone.
4:31 of 2nd period - Alex Newhook is hit by Andrew Peeke and loses puck.
4:58 of 2nd period - Shot by Ross Colton.
4:58 of 2nd period - Stopped by Mike Smith with a rebound.
5:05 of 2nd period - Alex Newhook is hit by Andrew Peeke and loses puck.
5:21 of 2nd period - Off-side.
5:22 of 2nd period - Anze Kopitar wins face-off versus Nicholas Paul in neutral zone.
5:25 of 2nd period - Shot by Kyle Connor.
5:25 of 2nd period - Stopped by Thatcher Demko with a rebound.
5:43 of 2nd period - Shot by Nicholas Paul.
5:43 of 2nd period - Stopped by Mike Smith without a rebound.
5:44 of 2nd period - Blake Lizotte wins face-off versus Barclay Goodrow in VICTORIA GLADIATORS zone.
6:11 of 2nd period - Shot by Kasperi Kapanen.
6:11 of 2nd period - Shot Misses the Net.
6:36 of 2nd period - Tyler Toffoli is hit by Alexander Barabanov and loses puck.
7:20 of 2nd period - Kyle Connor is hit by Artem Zub and loses puck.
7:56 of 2nd period - Shot by Adam Lowry.
7:56 of 2nd period - Stopped by Thatcher Demko with a rebound.
8:06 of 2nd period - Adam Lowry is hit by Artem Zub and loses puck.
8:10 of 2nd period - Nils Hoglander is hit by Andrew Peeke and loses puck.
9:14 of 2nd period - Off-side.
9:15 of 2nd period - Anze Kopitar wins face-off versus Ross Colton in neutral zone.
9:18 of 2nd period - Shot by Kyle Connor.
9:18 of 2nd period - Shot Misses the Net.
9:20 of 2nd period - Shot by Connor Brown.
9:20 of 2nd period - Shot Misses the Net.
9:22 of 2nd period - Shot by Anze Kopitar.
9:22 of 2nd period - Stopped by Thatcher Demko with a rebound.
9:28 of 2nd period - Shot by Anze Kopitar.
9:28 of 2nd period - Shot Misses the Net.
9:30 of 2nd period - Shot by Kyle Connor.
9:30 of 2nd period - Stopped by Thatcher Demko with a rebound.
9:33 of 2nd period - Minor Penalty to Anze Kopitar for Roughing.
9:34 of 2nd period - Kevin Rooney wins face-off versus Evgeni Malkin in VICTORIA GLADIATORS zone.
9:34 of 2nd period - Kevin Rooney is hit by Kyle Okposo.
10:04 of 2nd period - Shot by MacKenzie Weegar.
10:04 of 2nd period - Shot Blocked by Calvin De Haan.
10:21 of 2nd period - Icing by T.J. Brodie.
10:22 of 2nd period - Kevin Rooney wins face-off versus Evgeni Malkin in UTAH ICE BEARS zone.
11:32 of 2nd period - Shot by Casey Mittelstadt.
11:32 of 2nd period - Stopped by Mike Smith without a rebound.
11:33 of 2nd period - Ross Colton wins face-off versus Barclay Goodrow in VICTORIA GLADIATORS zone.
11:33 of 2nd period - Ross Colton is hit by Anton Stralman.
11:38 of 2nd period - Rudolfs Balcers is hit by Anton Stralman and loses puck.
12:04 of 2nd period - Shot by Kasperi Kapanen.
12:04 of 2nd period - Stopped by Thatcher Demko without a rebound.
12:05 of 2nd period - Anze Kopitar wins face-off versus Blake Lizotte in UTAH ICE BEARS zone.
12:10 of 2nd period - Shot by Kyle Connor.
12:10 of 2nd period - Shot Blocked by MacKenzie Weegar.
12:34 of 2nd period - Shot by Connor Brown.
12:34 of 2nd period - Stopped by Thatcher Demko without a rebound.
12:35 of 2nd period - Barclay Goodrow wins face-off versus Lucas Raymond in UTAH ICE BEARS zone.
13:07 of 2nd period - Off-side.
13:08 of 2nd period - Anze Kopitar wins face-off versus Evgeni Malkin in neutral zone.
13:13 of 2nd period - Andrew Mangiapane is hit by Connor Brown and loses puck.
13:48 of 2nd period - Shot by Kyle Connor.
13:48 of 2nd period - Shot Misses the Net.
13:50 of 2nd period - Shot by Kyle Connor.
13:50 of 2nd period - Shot Misses the Net.
13:52 of 2nd period - Shot by Kyle Connor.
13:52 of 2nd period - Shot Misses the Net.
14:42 of 2nd period - Shot by Justin Holl.
14:42 of 2nd period - Stopped by Thatcher Demko without a rebound.
14:43 of 2nd period - Barclay Goodrow wins face-off versus Nicholas Paul in UTAH ICE BEARS zone.
14:43 of 2nd period - Tyler Toffoli is hit by MacKenzie Weegar and loses puck.
14:49 of 2nd period - Tyler Toffoli is hit by MacKenzie Weegar and loses puck.
15:03 of 2nd period - Minor Penalty to MacKenzie Weegar for Hooking.
15:04 of 2nd period - Nicholas Paul wins face-off versus Kyle Connor in UTAH ICE BEARS zone.
15:31 of 2nd period - Shot by Kyle Connor.
15:31 of 2nd period - Stopped by Thatcher Demko without a rebound.
15:32 of 2nd period - Barclay Goodrow wins face-off versus Nicholas Paul in UTAH ICE BEARS zone.
15:58 of 2nd period - Shot by Justin Holl.
15:58 of 2nd period - Goal by Justin Holl - UTAH ICE BEARS : 3 - VICTORIA GLADIATORS : 1.
15:59 of 2nd period - Anze Kopitar wins face-off versus Leo Komarov in neutral zone.
15:59 of 2nd period - Anze Kopitar is hit by Leo Komarov.
16:02 of 2nd period - Kyle Connor is hit by MacKenzie Weegar.
16:14 of 2nd period - Shot by Kyle Connor.
16:14 of 2nd period - Stopped by Thatcher Demko without a rebound.
16:15 of 2nd period - Nicholas Paul wins face-off versus Barclay Goodrow in UTAH ICE BEARS zone.
16:28 of 2nd period - Shot by Lucas Raymond.
16:28 of 2nd period - Shot Misses the Net.
17:06 of 2nd period - Off-side.
17:07 of 2nd period - Anze Kopitar wins face-off versus Evgeni Malkin in neutral zone.
17:23 of 2nd period - Shot by Andrew Mangiapane.
17:23 of 2nd period - Shot Blocked by Anze Kopitar.
17:25 of 2nd period - Shot by Andrew Mangiapane.
17:25 of 2nd period - Stopped by Mike Smith without a rebound.
17:26 of 2nd period - Adam Lowry wins face-off versus Ross Colton in VICTORIA GLADIATORS zone.
17:26 of 2nd period - Adam Lowry is hit by Ross Colton.
17:48 of 2nd period - Shot by Zachary Sanford.
17:48 of 2nd period - Stopped by Mike Smith without a rebound.
17:49 of 2nd period - Anze Kopitar wins face-off versus Evgeni Malkin in VICTORIA GLADIATORS zone.
17:49 of 2nd period - Anze Kopitar is hit by Andrew Mangiapane.
18:25 of 2nd period - Icing by MacKenzie Weegar.
18:26 of 2nd period - Barclay Goodrow wins face-off versus Evgeni Malkin in UTAH ICE BEARS zone.
18:26 of 2nd period - Kasperi Kapanen is hit by MacKenzie Weegar and loses puck.
18:42 of 2nd period - Andrew Mangiapane is hit by Calvin De Haan and loses puck.
19:05 of 2nd period - Shot by Kasperi Kapanen.
19:05 of 2nd period - Stopped by Thatcher Demko without a rebound.
19:06 of 2nd period - Anze Kopitar wins face-off versus Ross Colton in UTAH ICE BEARS zone.
19:09 of 2nd period - Shot by Anze Kopitar.
19:09 of 2nd period - Shot Misses the Net.
19:11 of 2nd period - Shot by Kyle Connor.
19:11 of 2nd period - Shot Misses the Net.
19:13 of 2nd period - Shot by Anze Kopitar.
19:13 of 2nd period - Shot Misses the Net.
Goals for this period are 0 for UTAH ICE BEARS vs 1 for VICTORIA GLADIATORS.
Shots for this period are 7 for UTAH ICE BEARS vs 13 for VICTORIA GLADIATORS.

3rd period


0:01 of 3rd period - Adam Lowry wins face-off versus Evgeni Malkin in neutral zone.
0:15 of 3rd period - Icing by Justin Holl.
0:16 of 3rd period - Adam Lowry wins face-off versus Nicholas Paul in VICTORIA GLADIATORS zone.
0:20 of 3rd period - Alex Newhook is hit by Andrew Peeke and loses puck.
0:29 of 3rd period - Minor Penalty to Alexander Barabanov for Hooking.
0:30 of 3rd period - Anze Kopitar wins face-off versus Blake Lizotte in UTAH ICE BEARS zone.
0:54 of 3rd period - Shot by Connor Brown.
0:54 of 3rd period - Stopped by Thatcher Demko without a rebound.
0:55 of 3rd period - Alex Newhook wins face-off versus Nicholas Paul in UTAH ICE BEARS zone.
1:20 of 3rd period - Shot by Alex Newhook.
1:20 of 3rd period - Deflect By Kasperi Kapanen.
1:20 of 3rd period - Shot Misses the Net.
1:22 of 3rd period - Shot by Kasperi Kapanen.
1:22 of 3rd period - Deflect By Barclay Goodrow.
1:22 of 3rd period - Goal by Barclay Goodrow - UTAH ICE BEARS : 3 - VICTORIA GLADIATORS : 2.
1:23 of 3rd period - Evgeni Malkin wins face-off versus Anze Kopitar in neutral zone.
1:26 of 3rd period - Connor Brown is hit by Andrew Mangiapane and loses puck.
2:56 of 3rd period - Shot by Barclay Goodrow.
2:56 of 3rd period - Shot Misses the Net.
2:58 of 3rd period - Shot by Tyler Toffoli.
2:58 of 3rd period - Shot Blocked by Nicholas Paul.
3:02 of 3rd period - Shot by Barclay Goodrow.
3:02 of 3rd period - Shot Blocked by Andrew Peeke.
3:06 of 3rd period - Shot by Kasperi Kapanen.
3:06 of 3rd period - Goal by Kasperi Kapanen - UTAH ICE BEARS : 3 - VICTORIA GLADIATORS : 3.
3:07 of 3rd period - Ross Colton wins face-off versus Adam Lowry in neutral zone.
3:12 of 3rd period - Shot by Zachary Sanford.
3:12 of 3rd period - Shot Misses the Net.
3:46 of 3rd period - Adam Lowry is hit by Rudolfs Balcers and loses puck.
5:33 of 3rd period - Shot by Kyle Okposo.
5:33 of 3rd period - Deflect By Andrew Mangiapane.
5:33 of 3rd period - Stopped by Mike Smith with a rebound.
5:35 of 3rd period - Shot by Evgeni Malkin.
5:35 of 3rd period - Shot Hit the Post.
5:49 of 3rd period - Shot by Evgeni Malkin.
5:49 of 3rd period - Shot Misses the Net.
5:51 of 3rd period - Shot by Andrew Mangiapane.
5:51 of 3rd period - Stopped by Mike Smith without a rebound.
5:52 of 3rd period - Kevin Rooney wins face-off versus Blake Lizotte in VICTORIA GLADIATORS zone.
5:58 of 3rd period - Off-side.
5:59 of 3rd period - Kevin Rooney wins face-off versus Ross Colton in neutral zone.
6:04 of 3rd period - Icing by MacKenzie Weegar.
6:05 of 3rd period - Barclay Goodrow wins face-off versus Ross Colton in UTAH ICE BEARS zone.
6:18 of 3rd period - Kasperi Kapanen is hit by MacKenzie Weegar and loses puck.
7:05 of 3rd period - Shot by Evgeni Malkin.
7:05 of 3rd period - Stopped by Mike Smith without a rebound.
7:06 of 3rd period - Anze Kopitar wins face-off versus Nicholas Paul in VICTORIA GLADIATORS zone.
7:15 of 3rd period - Shot by Connor Brown.
7:15 of 3rd period - Shot Misses the Net.
8:29 of 3rd period - Shot by Adam Lowry.
8:29 of 3rd period - Shot Blocked by Artem Zub.
8:31 of 3rd period - Shot by Adam Lowry.
8:31 of 3rd period - Stopped by Thatcher Demko without a rebound.
8:32 of 3rd period - Ross Colton wins face-off versus Jay Beagle in UTAH ICE BEARS zone.
8:32 of 3rd period - Ross Colton is hit by Jay Beagle.
8:46 of 3rd period - Shot by Ross Colton.
8:46 of 3rd period - Shot Misses the Net.
8:58 of 3rd period - Shot by Ross Colton.
8:58 of 3rd period - Shot Misses the Net.
9:08 of 3rd period - Shot by Ross Colton.
9:08 of 3rd period - Stopped by Mike Smith without a rebound.
9:09 of 3rd period - Evgeni Malkin wins face-off versus Barclay Goodrow in VICTORIA GLADIATORS zone.
9:45 of 3rd period - Shot by Andrew Mangiapane.
9:45 of 3rd period - Shot Blocked by Calvin De Haan.
9:47 of 3rd period - Shot by Evgeni Malkin.
9:47 of 3rd period - Shot Misses the Net.
9:49 of 3rd period - Shot by Artem Zub.
9:49 of 3rd period - Stopped by Mike Smith without a rebound.
9:50 of 3rd period - Nicholas Paul wins face-off versus Anze Kopitar in VICTORIA GLADIATORS zone.
10:25 of 3rd period - Shot by Nicholas Paul.
10:25 of 3rd period - Stopped by Mike Smith with a rebound.
10:27 of 3rd period - Shot by T.J. Brodie.
10:27 of 3rd period - Stopped by Mike Smith without a rebound.
10:28 of 3rd period - Blake Lizotte wins face-off versus Adam Lowry in VICTORIA GLADIATORS zone.
10:35 of 3rd period - Shot by Blake Lizotte.
10:35 of 3rd period - Deflect By Evgeni Malkin.
10:35 of 3rd period - Shot Blocked by Jamie Drysdale.
10:46 of 3rd period - Icing by Blake Lizotte.
10:47 of 3rd period - Blake Lizotte wins face-off versus Barclay Goodrow in UTAH ICE BEARS zone.
10:47 of 3rd period - Blake Lizotte is hit by Kasperi Kapanen.
11:52 of 3rd period - Shot by Lucas Raymond.
11:52 of 3rd period - Stopped by Mike Smith without a rebound.
11:53 of 3rd period - Anze Kopitar wins face-off versus Ross Colton in VICTORIA GLADIATORS zone.
12:04 of 3rd period - Shot by Kyle Connor.
12:04 of 3rd period - Stopped by Thatcher Demko without a rebound.
12:05 of 3rd period - Evgeni Malkin wins face-off versus Adam Lowry in UTAH ICE BEARS zone.
12:18 of 3rd period - Shot by Andrew Mangiapane.
12:18 of 3rd period - Shot Blocked by Patrik Nemeth.
12:20 of 3rd period - Shot by Andrew Mangiapane.
12:20 of 3rd period - Shot Misses the Net.
12:37 of 3rd period - Adam Lowry is hit by MacKenzie Weegar.
12:51 of 3rd period - Shot by Evgeni Malkin.
12:51 of 3rd period - Shot Misses the Net.
13:17 of 3rd period - Icing by Artem Zub.
13:18 of 3rd period - Nicholas Paul wins face-off versus Kyle Connor in UTAH ICE BEARS zone.
13:26 of 3rd period - Nicholas Paul is hit by Anton Stralman and loses puck.
13:41 of 3rd period - Shot by Anze Kopitar.
13:41 of 3rd period - Stopped by Thatcher Demko without a rebound.
13:42 of 3rd period - Ross Colton wins face-off versus Tyler Toffoli in UTAH ICE BEARS zone.
13:42 of 3rd period - Ross Colton is hit by Barclay Goodrow.
14:27 of 3rd period - Tucker Poolman is hit by Calvin De Haan and loses puck.
15:12 of 3rd period - Shot by Connor Brown.
15:12 of 3rd period - Shot Misses the Net.
15:14 of 3rd period - Shot by Connor Brown.
15:14 of 3rd period - Shot Misses the Net.
15:16 of 3rd period - Shot by Anze Kopitar.
15:16 of 3rd period - Stopped by Thatcher Demko with a rebound.
15:18 of 3rd period - Shot by Connor Brown.
15:18 of 3rd period - Stopped by Thatcher Demko without a rebound.
15:19 of 3rd period - Adam Lowry wins face-off versus Lucas Raymond in UTAH ICE BEARS zone.
15:35 of 3rd period - Shot by Nicholas Paul.
15:35 of 3rd period - Stopped by Mike Smith without a rebound.
15:36 of 3rd period - Blake Lizotte wins face-off versus Anze Kopitar in VICTORIA GLADIATORS zone.
15:37 of 3rd period - Shot by Evgeni Malkin.
15:37 of 3rd period - Stopped by Mike Smith without a rebound.
15:38 of 3rd period - Anze Kopitar wins face-off versus Nicholas Paul in VICTORIA GLADIATORS zone.
15:57 of 3rd period - Shot by Connor Brown.
15:57 of 3rd period - Shot Misses the Net.
16:50 of 3rd period - Icing by Adam Lowry.
16:51 of 3rd period - Evgeni Malkin wins face-off versus Adam Lowry in VICTORIA GLADIATORS zone.
16:52 of 3rd period - Shot by Andrew Mangiapane.
16:52 of 3rd period - Shot Blocked by Calvin De Haan.
17:11 of 3rd period - Icing by Calvin De Haan.
17:12 of 3rd period - Adam Lowry wins face-off versus Ross Colton in VICTORIA GLADIATORS zone.
17:12 of 3rd period - Adam Lowry is hit by Zachary Sanford.
17:37 of 3rd period - Icing by Tucker Poolman.
17:38 of 3rd period - Barclay Goodrow wins face-off versus Ross Colton in UTAH ICE BEARS zone.
17:41 of 3rd period - Shot by Kasperi Kapanen.
17:41 of 3rd period - Shot Blocked by Rudolfs Balcers.
17:43 of 3rd period - Shot by Barclay Goodrow.
17:43 of 3rd period - Shot Misses the Net.
17:45 of 3rd period - Shot by Tyler Toffoli.
17:45 of 3rd period - Stopped by Thatcher Demko with a rebound.
18:31 of 3rd period - Icing by Colton Parayko.
18:32 of 3rd period - Evgeni Malkin wins face-off versus Barclay Goodrow in VICTORIA GLADIATORS zone.
18:45 of 3rd period - Shot by Kyle Okposo.
18:45 of 3rd period - Goal by Kyle Okposo - UTAH ICE BEARS : 4 - VICTORIA GLADIATORS : 3.
18:46 of 3rd period - Nicholas Paul wins face-off versus Anze Kopitar in neutral zone.
19:18 of 3rd period - VICTORIA GLADIATORS, Mike Smith is pulled from the net.
19:38 of 3rd period - Icing by Justin Holl.
19:39 of 3rd period - Mike Smith from VICTORIA GLADIATORS was sent back in the game.
19:39 of 3rd period - Anze Kopitar wins face-off versus Evgeni Malkin in VICTORIA GLADIATORS zone.
19:41 of 3rd period - Icing by Connor Brown.
19:42 of 3rd period - Anze Kopitar wins face-off versus Evgeni Malkin in VICTORIA GLADIATORS zone.
19:44 of 3rd period - Minor Penalty to Andrew Mangiapane for Elbowing.
19:45 of 3rd period - Barclay Goodrow wins face-off versus Blake Lizotte in UTAH ICE BEARS zone.
19:46 of 3rd period - VICTORIA GLADIATORS, Mike Smith is pulled from the net.
19:46 of 3rd period - Shot by Tyler Toffoli.
19:46 of 3rd period - Stopped by Thatcher Demko without a rebound.
19:47 of 3rd period - Barclay Goodrow wins face-off versus Blake Lizotte in UTAH ICE BEARS zone.
19:48 of 3rd period - Shot by Colton Parayko.
19:48 of 3rd period - Shot Misses the Net.
Goals for this period are 1 for UTAH ICE BEARS vs 2 for VICTORIA GLADIATORS.
Shots for this period are 11 for UTAH ICE BEARS vs 10 for VICTORIA GLADIATORS.


JOHNNY
GAUDREAU
MATTHEW
BOLDY
OWEN
TIPPETT

EAST COAST

HOCKEY LEAGUE

  • 29.PIT6MAN7
  • 30.ATL6NHW2
  • 31.WOR4PET3
  • 32.3RHI4
  • 33.CHIQUE
  • 34.LIMCHA
  • 35.LONTRV
  • 36.BALCHW